AoeStats
← Dengueツ

Arabia

505361108Analyzed
2v2 RM · 24d ago on Sep 9, 2026· 62m 49s· 4 players
Game mode
Random Map
Map size
Medium (4 player)
Population
200
Speed
Normal
Resources
Standard
Victory
Conquest
Starting age
Dark Age
Ending age
Imperial Age
RankedLock teamsTeams togetherTeam positionsShared explorationLock speedFull tech treeHidden civsTurbo modeCheats
Victory
Defeat
🇦🇷 Persians · Argentina
898
+12
🇦🇷 Maya · Argentina
890
+12
🇦🇷 Vietnamese · Argentina
808
-12
🇦🇷 Lithuanians · Argentina
794
-12
Miyagi - El abuelo
7:31 Loom
10:39 Feudal Age
13:52 Double-Bit Axe
14:46 Horse Collar
16:29 Bloodlines
17:34 Scale Barding Armor
25:35 Castle Age
24:52 Forging
27:15 Iron Casting
27:01 Chain Barding Armor
27:11 Husbandry
27:29 Bow Saw
27:22 Heavy Plow
28:19 Wheelbarrow
30:07 Hand Cart
29:57 Squires
30:11 Scale Mail Armor
29:53 Pikeman
31:16 Chain Mail Armor
31:06 Gambesons
35:05 Town Watch
36:16 Gold Mining
45:45 Imperial Age
48:46 Plate Barding Armor
49:12 Blast Furnace
47:33 Cavalier
51:52 Conscription
52:46 Two-Man Saw
52:18 Crop Rotation
53:34 Herbal Medicine
53:47 Devotion
53:40 Savar
56:14 Chemistry
55:36 Ballistics
55:57 Fletching
59:07 Kamandaran
59:45 Crossbowman
59:48 Elite Skirmisher
60:46 Kamandaran
61:36 Bodkin Arrow
61:42 Padded Archer Armor
62:31 Thumb Ring
61:54 Crossbowman
63:24 Leather Archer Armor
Dengueツ
12:07 Feudal Age
14:48 Horse Collar
14:55 Double-Bit Axe
20:11 Castle Age
19:59 Forging
19:51 Scale Mail Armor
20:24 Gold Mining
21:35 Heavy Plow
22:00 Bow Saw
23:15 Eagle Warrior
24:22 Squires
24:53 Town Watch
25:47 Pikeman
30:33 Wheelbarrow
35:47 Hand Cart
36:17 Arson
42:48 Imperial Age
42:43 Iron Casting
42:23 Chain Mail Armor
42:51 Town Patrol
43:53 Halberdier
50:51 Blast Furnace
53:44 Two-Man Saw
53:18 Crop Rotation
52:40 Stone Mining
54:01 Plate Mail Armor
52:56 Elite Eagle Warrior
Sir Jzan
4:48 Loom
9:09 Feudal Age
10:18 Double-Bit Axe
15:22 Scale Barding Armor
17:30 Horse Collar
18:44 Bloodlines
19:51 Forging
20:30 Wheelbarrow
22:31 Castle Age
22:26 Stone Mining
24:12 Chain Barding Armor
23:16 Light Cavalry
23:57 Husbandry
24:36 Iron Casting
27:13 Hand Cart
27:11 Heavy Plow
27:33 Bow Saw
28:57 Gold Mining
33:51 Redemption
39:15 Imperial Age
39:16 Caravan
42:09 Plate Barding Armor
42:08 Crop Rotation
42:54 Elite Leitis
44:35 Winged Hussar
44:37 Cavalier
46:33 Paladin
50:34 Onager
54:18 Chemistry
52:57 Elite Skirmisher
53:42 Thumb Ring
53:33 Fletching
53:43 Padded Archer Armor
55:19 Conscription
55:01 Bodkin Arrow
55:22 Leather Archer Armor
56:27 Two-Man Saw
55:00 Imperial Skirmisher
MAREKE
8:07 Loom
10:44 Feudal Age
11:23 Double-Bit Axe
11:42 Horse Collar
21:27 Castle Age
20:35 Gold Mining
20:36 Stone Mining
20:55 Scale Barding Armor
22:59 Bloodlines
23:36 Bow Saw
24:47 Wheelbarrow
26:05 Forging
29:41 Husbandry
30:56 Scale Barding Armor
32:21 Heavy Plow
31:52 Elite Skirmisher
34:52 Fletching
42:30 Imperial Age
40:50 Stone Shaft Mining
41:29 Chain Barding Armor
41:44 Iron Casting
41:32 Bodkin Arrow
42:41 Cavalier
44:22 Pikeman
45:03 Squires
45:51 Halberdier
47:25 Scale Mail Armor
49:14 Imperial Skirmisher
51:40 Chain Mail Armor
53:29 Sanctity
54:43 Hand Cart
55:21 Plate Barding Armor
Connection lost

Rejoining the realm…

Still unreachable

The connection could not be restored.

Session expired

The server has moved on; the page needs a fresh start.